 Dungeon Crawl Stone Soup version 0.29.1-2-gbd0b4ee654 (webtiles) character file.

Game seed: 13328893354754839644

4 sanboga the Trooper (level 1, -5/20 HPs)
             Began as a Minotaur Abyssal Knight on Nov 26, 2022.
             Slain by a thrashing horror (7 damage)
             ... created by the touch of Lugonu
             ... on level 1 of the Dungeon.
             The game lasted 00:00:32 (124 turns).

sanboga the Trooper (Minotaur Abyssal Knight)        Turns: 124, Time: 00:00:33

Health: -5/20      AC:  3    Str: 17    XL:     1   Next: 58%
Magic:  1/1        EV: 11    Int:  7    God:
Gold:   24         SH:  0    Dex: 10    Spells: 0/0 levels left

rFire   . . .      SeeInvis .   a - +1 hand axe
rCold   . . .      Faith    .   (no shield)
rNeg    . . .      Spirit   .   b - +0 leather armour
rPois   .          Reflect  .   (helmet restricted)
rElec   .          Harm     .   (no cloak)
rCorr   .          Rampage  .   (no gloves)
Will    .....                   (no boots)
Stlth   +.........              (no amulet)
HPRegen 0.06/turn               (no ring)
MPRegen 0.07/turn               (no ring)

@: no status effects
A: horns 2, retaliatory headbutt
a: no special abilities


You were on level 1 of the Dungeon.
You visited 1 branch of the dungeon, and saw 1 of its levels.
You visited the Abyss 1 time.

You collected 24 gold pieces.

Inventory:

Hand Weapons
 a - a +1 hand axe (weapon)
Armour
 b - a +0 leather armour (worn)
Scrolls
 c - a scroll of teleportation {unknown}
 d - a scroll of magic mapping {unknown}


   Skills:
 + Level 3.7 Fighting
 + Level 2.5 Axes
 + Level 2.5 Armour
 + Level 1.2 Dodging
 + Level 1.9 Invocations


You couldn't memorise any spells.
You didn't know any spells.
Your spell library contained the following spells:

 Spells                   Type           Power      Damage    Failure   Level
 Beastly Appendage        Tmut           0%         N/A       50%         1
 Wereblood                Tmut           0%         N/A       63%         2
 Spider Form              Tmut/Pois      0%         N/A       86%         3


Dungeon Overview and Level Annotations

Branches:
Dungeon (1/15)

Altars:


Innate Abilities, Weirdness & Mutations

You have a pair of horns on your head.
You reflexively headbutt those who attack you in melee.


Message History

You hit the frilled lizard.
You kill the frilled lizard!
A bat comes into view.
The bat hits you.
You hit the bat but do no damage. The bat hits you. The bat barely misses you.
A bat is nearby!
You closely miss the bat. The bat hits you but does no damage.
A bat is nearby!
You barely miss the bat. The bat barely misses you.
A bat is nearby!
The bat barely misses you. You furiously retaliate!
You headbutt the bat!
You kill the bat!
No target in view!
No target in view!
You pick up a book of Changes and begin reading...
You add the spells Beastly Appendage, Wereblood and Spider Form to your library.
Lugonu's wrath scatters you! Lugonu sends minions to punish you.
A thrashing horror and a small abomination come into view.
The thrashing horror roars!
You hear a shout!
Found a stone staircase leading down.
Found 9 gold pieces.
A hobgoblin comes into view.
The thrashing horror tramples you but does no damage.
The thrashing horror barely misses you.
You hit the thrashing horror.
Your headbutt misses the thrashing horror.
The thrashing horror is lightly damaged.
The thrashing horror tramples you but does no damage.
The thrashing horror tramples you!
You stumble backwards!
You barely miss the thrashing horror. You headbutt the thrashing horror.
The thrashing horror is lightly damaged.
The thrashing horror tramples you!
* * * LOW HITPOINT WARNING * * *
You stumble backwards!
The thrashing horror tramples you but does no damage.
The thrashing horror tramples you.
* * * LOW HITPOINT WARNING * * *
You stumble backwards!
The thrashing horror tramples you!
You die...

.......
..... ..$..
.>. ... #.#
#.# #.#@#
#.#X# #.#.#
#.#x# #
#.#g##.#
#.#....#
#.#.####
#†.....#
...####.##.#


You could see a thrashing horror, a small abomination and a hobgoblin.

Vanquished Creatures
  2 bats (D:1)
  A goblin (D:1)
  2 frilled lizards (D:1)
5 creatures vanquished.

Notes
Turn   | Place    | Note
-------+----------+-------------------------------------------
     0 | Abyss:1  | sanboga the Minotaur Abyssal Knight began the quest for the
                  | Orb.
     0 | Abyss:1  | Reached XP level 1. HP: 19/19 MP: 1/1
     1 | D:1      | Escaped the Abyss
    57 | D:1      | Fell from the grace of Lugonu
   119 | D:1      | Noticed a thrashing horror
   119 | D:1      | Noticed a small abomination
   124 | D:1      | Slain by a thrashing horror

Illustrated notes

Levels and vault maps discovered:
D:1:      spicycebolla_green_bress_n_ham, layout_basic, serial_glass,
          glass_columns_c, glass_columns_a

Action                   || total
-------------------------++-------
Melee: Hand axe          ||    12
       Headbutt          ||     1
Invok: Renounce Religion ||     1
Armor: Leather armour    ||     8
Dodge: Dodged            ||    10
